 Dungeon Crawl Stone Soup version 0.29.1-15-g9cfb28693d (webtiles) character file.

Game seed: 561466638658836458

2191 H0rd4k the Martial Artist (level 9, -3/62 HPs)
             Began as an Octopode Artificer on Mar 6, 2023.
             Was an Initiate of Gozag.
             Shot with an arrow by a centaur (6 damage)
             ... on level 8 of the Dungeon.
             The game lasted 00:11:07 (10922 turns).

H0rd4k the Martial Artist (Octopode Artificer)     Turns: 10922, Time: 00:11:07

Health: -3/62      AC:  1    Str: 11    XL:     9   Next: 33%
Magic:  16/16      EV: 13    Int: 23    God:    Gozag
Gold:   1148       SH:  0    Dex: 13    Spells: 17/17 levels left

rFire   . . .      SeeInvis .     - Unarmed
rCold   . . .      Faith    .   (no shield)
rNeg    + . .      Spirit   .   (helmet restricted)
rPois   +          Reflect  .   h - amulet of the acrobat
rElec   .          Harm     .   z - +6 ring of intelligence
rCorr   .          Rampage  .   s - ring of poison resistance
Will    .....                   b - ring of positive energy
Stlth   +++.......              (no ring)
HPRegen 0.20/turn               (no ring)
MPRegen 0.15/turn               (no ring)
                                (no ring)
                                (no ring)

@: gold aura
A: almost no armour, amphibious, 8 rings, camouflage 1, gelatinous body 1,
(nimble swimmer 1), tentacles
a: Renounce Religion, Potion Petition, Call Merchant, Bribe Branch


You were on level 8 of the Dungeon.
You worshipped Gozag.
Gozag was most pleased with you.
You visited 2 branches of the dungeon, and saw 9 of its levels.
You also visited: Sewer.

You collected 1229 gold pieces.
You paid 81 gold pieces to Gozag.

Inventory:

Missiles
 o - 2 datura-tipped darts
 v - 4 atropa-tipped darts (quivered)
 w - 10 poisoned darts
 C - 2 throwing nets
Jewellery
 b - a ring of positive energy (on tentacle)
 h - an amulet of the acrobat (around mantle)
 s - a ring of poison resistance (right tentacle)
 z - a +6 ring of intelligence (left tentacle)
Wands
 c - a wand of charming (1)
 d - a wand of iceblast (1)
 F - a wand of polymorph (13)
Scrolls
 g - 2 scrolls of enchant weapon
 l - 2 scrolls of identify
 n - a scroll of butterflies
 q - 8 scrolls of teleportation
 D - 2 scrolls of amnesia
Potions
 a - 3 potions of degeneration
 e - 3 potions of lignification
 f - 7 potions of mutation
 i - 5 potions of berserk rage
 j - 3 potions of resistance
 k - 5 potions of curing
 r - 2 potions of might
 u - 2 potions of invisibility {unknown}
 A - 2 potions of haste
 B - 7 potions of flight
 E - 2 potions of brilliance


   Skills:
 * Level 5.9 Fighting
 + Level 0.2 Throwing
 - Level 2.3 Dodging
 - Level 1.3 Stealth
 + Level 9.0 Unarmed Combat
 * Level 4.8 Spellcasting
 - Level 3.2 Evocations


You had 17 spell levels left.
You didn't know any spells.
Your spell library contained the following spells:

 Spells                   Type           Power      Damage    Failure   Level
 Static Discharge         Conj/Air       5%         3-4/arc   14%         2
 Call Canine Familiar     Summ           5%         N/A       28%         3
 Portal Projectile        Hex/Tloc       10%        N/A       28%         3
 Dispel Undead            Necr           5%         3d7       67%         4
 Leda's Liquefaction      Hex/Erth       2%         N/A       67%         4
 Sticky Flame             Conj/Fire      5%         2d3       67%         4


Dungeon Overview and Level Annotations

Branches:
Dungeon (8/15)             Temple (1/1) D:5           Sewer (visited)
   Lair: D:8-11

Altars:
Ashenzari
Dithmenos
Elyvilon
Fedhas
Gozag
Hepliaklqana
Kikubaaqudgha
Nemelex Xobeh
Qazlal
Ru
Trog
Uskayaw
Vehumet
Wu Jian
Xom
Yredelemnul
Zin
The Shining One

Shops:
D:3 (

Annotations:
D:3 1 exclusion
D:4 exclusion: downstairs
D:6 exclusion: downstairs


Innate Abilities, Weirdness & Mutations

You cannot wear most types of armour.
You are amphibious.
You can wear up to eight rings at the same time.
Your skin changes colour to match your surroundings (Stealth+).
Your rubbery body absorbs attacks. (AC +1, EV +1)
((You are camouflaged when in or above water. (Stealth+)))
You have tentacles for arms and can constrict up to eight enemies at once.


Message History

The centaur shouts!
You bludgeon the orc!
You kill the orc!
Something hits you.
The centaur wields a +0 shortbow.
The centaur shoots an arrow.
The arrow hits you.
The centaur shoots an arrow.
The arrow completely misses you.
The arrow barely misses the bullfrog.
Something hits you. The bullfrog hits you.
You tentacle-slap the bullfrog. Your grab misses the bullfrog.
Your squeeze misses the bullfrog.
The bullfrog is lightly wounded.
The centaur shoots an arrow.
The arrow hits you! The bullfrog hits you. Something hits you.
You bludgeon the bullfrog! You grab the bullfrog.
You tentacle-slap the bullfrog.
The bullfrog is severely wounded.
You constrict the bullfrog, but do no damage.
The bullfrog hits you!
* * * LOW HITPOINT WARNING * * *
The centaur shoots an arrow.
The arrow hits you!
* * * LOW HITPOINT WARNING * * *
Something hits you.
* * * LOW HITPOINT WARNING * * *
The bullfrog misses you.
Okay, then.
You feel much better.
You constrict the bullfrog.
The centaur shoots an arrow.
The arrow hits you!
* * * LOW HITPOINT WARNING * * *
The bullfrog hits you.
* * * LOW HITPOINT WARNING * * *
Something hits you.
* * * LOW HITPOINT WARNING * * *
Aiming: Charm
Press: ? - help, Shift-Dir - straight line, f - centaur
Aim: a centaur, wielding a +0 shortbow (chance to affect: 57%)
The centaur resists with significant effort.
You constrict the bullfrog. The bullfrog misses you.
The centaur shoots an arrow.
The arrow hits you.
You die...
Your body crumbles into a pile of gold.

$ ........#
.......# #......#
###c.....##
#.........# ##
#.........# ...
#...$.....# ....
#....@....##
....##...$.F....#
.....#............
................##
................#
........#######.#
.........## .#
..........# #
........#.### # #


You could see a bullfrog and a centaur.

Vanquished Creatures
  A water moccasin (D:7)
  An ogre (D:5)
  A black bear (D:7)
  A kobold brigand (D:7)
  2 necrophages (D:5)
  2 scorpions
  2 bullfrogs
  10 killer bees
  2 howler monkeys
  An orc priest (D:7)
  A gnoll bouda (D:6)
  3 hounds
  A jelly (D:6)
  An iguana (D:5)
  5 orc wizards
  20 gnolls
  6 river rats
  14 adders
  A white imp (D:7)
  An ufetubus (D:6)
  3 worms (D:2)
  2 dart slugs
  31 orcs
  2 endoplasms
  5 giant cockroaches
  3 goblins
  10 hobgoblins
  23 jackals
  9 kobolds
  3 quokkas
  9 ball pythons
  13 bats
  4 frilled lizards
  7 rats
200 creatures vanquished.

Vanquished Creatures (collateral kills)
  3 gnolls (D:6)
  A worm (D:5)
  2 orcs
  A giant cockroach (D:5)
  2 rats (D:5)
9 creatures vanquished.

Vanquished Creatures (others)
  2 yaks (D:7)
  An ice beast (D:6)
  A kobold brigand (D:5)
  2 gnolls
  4 plants (D:5)
10 creatures vanquished.

Grand Total: 219 creatures vanquished

Notes
Turn   | Place    | Note
-------+----------+-------------------------------------------
     0 | D:1      | H0rd4k the Octopode Artificer began the quest for the Orb.
     0 | D:1      | Reached XP level 1. HP: 13/13 MP: 1/1
   268 | D:1      | Reached XP level 2. HP: 12/18 MP: 1/3
   538 | D:1      | Reached skill level 1 in Spellcasting
  1603 | D:2      | Reached XP level 3. HP: 18/24 MP: 3/5
  1793 | D:2      | Found a faded altar of an unknown god.
  1828 | D:2      | Reached skill level 1 in Unarmed Combat
  2074 | D:2      | Identified the +0 leather armour of Demons {Str+2 Dex+4}
  2428 | D:3      | Reached XP level 4. HP: 28/29 MP: 6/6
  2645 | D:3      | Found Upheuhatz's Weapon Boutique.
  3285 | D:4      | Reached skill level 2 in Unarmed Combat
  3413 | D:4      | Reached XP level 5. HP: 26/35 MP: 8/8
  3617 | D:4      | Reached skill level 3 in Unarmed Combat
  3796 | D:4      | Found a blossoming altar of Fedhas.
  3878 | D:4      | Found a radiant altar of Vehumet.
  3961 | D:4      | Reached XP level 6. HP: 29/42 MP: 9/9
  4401 | D:5      | Entered Level 5 of the Dungeon
  4435 | D:5      | Found a staircase to the Ecumenical Temple.
  4444 | Temple   | Entered the Ecumenical Temple
  4468 | Temple   | Became a worshipper of Gozag Ym Sagoz the Greedy
  4523 | D:5      | Reached skill level 4 in Unarmed Combat
  4591 | D:5      | Reached XP level 7. HP: 19/46 MP: 11/11
  4643 | D:5      | Reached skill level 5 in Unarmed Combat
  4842 | D:5      | Found a glowing drain.
  4850 | Sewer    | Entered a sewer
  6040 | D:5      | Reached skill level 6 in Unarmed Combat
  6156 | D:4      | Found a shadowy altar of Dithmenos.
  6175 | D:5      | Reached XP level 8. HP: 49/54 MP: 13/13
  7444 | D:6      | Reached skill level 7 in Unarmed Combat
  7942 | D:6      | Reached skill level 5 in Fighting
  8938 | D:7      | Noticed a yak
  8938 | D:7      | Noticed a yak
  8938 | D:7      | Noticed a yak
  8938 | D:7      | Noticed a yak
  8938 | D:7      | Noticed a yak
  8938 | D:7      | Noticed a yak
  9370 | D:7      | Reached skill level 8 in Unarmed Combat
  9409 | D:7      | Reached XP level 9. HP: 41/61 MP: 15/15
  9921 | D:6      | HP: 3/61 [killer bee (1)]
 10655 | D:7      | Reached skill level 9 in Unarmed Combat
 10921 | D:8      | HP: 3/62 [something (1)]
 10922 | D:8      | Shot with an arrow by a centaur

Illustrated notes

Levels and vault maps discovered:
D:1:      nzn_arrival_depleted_hourglass, layout_basic, minmay_quantized
D:2:      layout_basic, hellmonk_ecumenical_altar_heavens_door,
          minmay_misc_feat_square
D:3:      minmay_angry_zag, layout_basic, serial_shops,
          nicolae_shop_statue_plus, due_unseen_surprise
D:4:      layout_basic, nicolae_overflow_hidden_temple, kennysheep_another_room
D:5:      lemuel_castle_with_subvaults [lemuel_castle_interior_original],
          layout_basic, minmay_temple_entry_junction, portal_sewer_entry_e
D:6:      layout_loops_corners
D:7:      layout_loops_ring
D:8:      layout_basic
Temple:   nicolae_temple_two_arcs

Skill      XL: |  1  2  3  4  5  6  7  8  9 |
---------------+----------------------------+-----
Spellcasting   | 1 2 3 4 |  4.8
Fighting       | 2 3 4 5 |  5.9
Unarmed Combat | 1 2 3 4 6 8 9 |  9.0
Throwing       | |  0.2
Dodging        | |  2.3
Stealth        | |  1.3
Evocations     | |  3.2

Action                   |  1- 3 |  4- 6 |  7- 9 || total
-------------------------+-------+-------+-------++-------
Melee: Unarmed           |   106 |   118 |   302 ||   526
       Constrict         |    30 |    31 |    78 ||   139
       Tentacles         |    23 |    27 |    75 ||   125
       Punch             |     3 |     2 |    21 ||    26
Throw: Dart              |       |       |     3 ||     3
Evoke: Wand              |       |     1 |    32 ||    33
  Use: Scroll            |       |       |    19 ||    19
       Potion            |       |       |     3 ||     3
 Stab: Sleeping          |     6 |     6 |    10 ||    22
       Distracted        |       |       |     1 ||     1
Armor: Skin              |     8 |     9 |    17 ||    34
Dodge: Dodged            |    78 |    66 |   272 ||   416
